 Dungeon Crawl Stone Soup version 0.28.0-53-g5a82cb258f (webtiles) character file.

Game seed: 729467732121264577

28 nickcage the Digger (level 3, -5/26 HPs)
             Began as a Draconian Earth Elementalist on May 24, 2022.
             Slain by Sigmund
             ... wielding a +0 scythe
              (8 damage)
             ... on level 2 of the Dungeon.
             The game lasted 00:02:43 (884 turns).

nickcage the Digger (Draconian Earth Elementalist)   Turns: 884, Time: 00:02:44

Health: -5/26      AC:  5    Str: 10    XL:     3   Next: 0%
Magic:  0/6        EV: 12    Int: 17    God:
Gold:   15         SH:  0    Dex: 11    Spells: 0/6 levels left

rFire   . . .      SeeInvis .   g - +0 dagger
rCold   . . .      Faith    .   (no shield)
rNeg    . . .      Spirit   .   (armour unavailable)
rPois   .          Reflect  .   (helmet restricted)
rElec   .          Harm     .   (no cloak)
rCorr   .          Rampage  .   (no gloves)
Will    .....                   (no boots)
Stlth   ++........              (no amulet)
HPRegen 0.08/turn               (no ring)
MPRegen 0.10/turn               (no ring)

@: no status effects
A: AC +5, unfitting armour, cold-blooded
a: no special abilities


You were on level 2 of the Dungeon.
You visited 1 branch of the dungeon, and saw 2 of its levels.

You collected 15 gold pieces.

Inventory:

Hand Weapons
 g - a +0 dagger (weapon)
Missiles
 b - 43 stones
Scrolls
 d - a scroll of amnesia {unknown}
 e - 2 scrolls of identify {unknown}
Potions
 a - a potion of flight {unknown}
 c - a potion of heal wounds {unknown}
 f - a potion of might {unknown}


   Skills:
 - Level 1.7 Dodging
 - Level 1.7 Stealth
 + Level 2.4 Spellcasting
 + Level 1.1 Transmutations
 + Level 3.8 Earth Magic


You couldn't memorise any spells.
You knew the following spells:

 Your Spells              Type           Power      Damage    Failure   Level
a - Sandblast             Erth           30%        2d9       3%          1
b - Passwall              Tmut/Erth      8%         N/A       10%         2
c - Stone Arrow           Conj/Erth      16%        3d8       26%         3

Your spell library contained the following spells:

 Spells                   Type           Power      Damage    Failure   Level
 Petrify                  Tmut/Erth      10%        N/A       54%         4


Dungeon Overview and Level Annotations

Branches:
Dungeon (2/15)

Altars:

Annotations:
D:2 Sigmund


Innate Abilities, Weirdness & Mutations

Your plain brown scales are hard. (AC +5)
You cannot fit into any form of body armour.
You are cold-blooded and may be slowed by cold attacks.


Message History

You hit Sigmund but do no damage.
Sigmund is heavily wounded.
Sigmund hits you with a +0 scythe!
* * * LOW HITPOINT WARNING * * *
You closely miss Sigmund.
Sigmund is heavily wounded.
You hit Sigmund but do no damage.
Your tail-slap misses Sigmund.
Sigmund is heavily wounded.
Sigmund zaps a wand.
The puff of flame misses you.
Your magical contamination has completely faded away.
You hit Sigmund but do no damage.
Sigmund is heavily wounded.
Sigmund misses you.
You hit Sigmund.
Sigmund is severely wounded.
Sigmund misses you.
You closely miss Sigmund. Your punch misses Sigmund.
Sigmund is severely wounded.
Aiming: Sandblast (safe; 3% risk of failure)
Press: ? - help, Q - select action, (/) - cycle Shift-Dir - straight line, f/p - Sigmund
Aim: Sigmund, wielding a +0 scythe, wearing a +0 robe and carrying a wand of flame (3) (severely wounded, 77% to hit)
The blast of sand misses Sigmund.
Sigmund misses you.
You closely miss Sigmund. You tail-slap Sigmund.
Sigmund is severely wounded.
Sigmund zaps a wand.
The puff of flame misses you.
You hit Sigmund.
Sigmund is severely wounded.
Sigmund gestures wildly while chanting.
Sigmund flickers and vanishes!
Deactivating autopickup; reactivate with Ctrl-A.
You closely miss something.
Your tail-slap misses something.
You hear some strange, mumbled words.
A puff of flame appears from out of thin air!
The puff of flame misses you.
You hit something but do no damage.
You hear some strange, mumbled words.
Something tries to affect you, but you resist.
You hit something.
Your tail-slap misses something.
Something hits you!
You die...

##### #...#
##############...####
#............'....(.+
#.############@...###
#.#...##### #{...#
#>........## #....#
#.#.#.###..# #....#
#.#.#.# ##†######.#
#..[#.# #..# .#
#####.# ##.# #
#.....#####.##
#.#........(.#


There were no monsters in sight!

Vanquished Creatures
  A dart slug (D:1)
  2 ball pythons (D:1)
  4 endoplasms (D:1)
  2 giant cockroaches (D:1)
  2 goblins
  4 jackals (D:2)
  2 bats
  2 frilled lizards
  3 kobolds (D:1)
  2 rats (D:2)
24 creatures vanquished.

Notes
Turn   | Place    | Note
-------+----------+-------------------------------------------
     0 | D:1      | nickcage the Draconian Earth Elementalist began the quest
                  | for the Orb.
     0 | D:1      | Reached XP level 1. HP: 14/14 MP: 3/3
   202 | D:1      | Reached XP level 2. HP: 20/20 MP: 3/5
   800 | D:2      | Reached XP level 3. HP: 26/26 MP: 3/6
   803 | D:2      | Learned a level 2 spell: Passwall
   807 | D:2      | Learned a level 3 spell: Stone Arrow
   858 | D:2      | Noticed Sigmund
   884 | D:2      | Slain by Sigmund

Illustrated notes

Levels and vault maps discovered:
D:1:      minmay_arrival_semitransparent, layout_basic,
          chequers_serial_rivers_small_3
D:2:      layout_basic, uniq_robin, uniq_sigmund

Action                   || total
-------------------------++-------
Melee: Tailslap          ||     5
       Unarmed           ||     1
       Dagger            ||    23
       Punch             ||     1
 Cast: Sandblast         ||    33
Armor: Skin              ||     8
Dodge: Dodged            ||    33
